 Dungeon Crawl Stone Soup version 0.19.5 (webtiles) character file.

16 tidbits the Slasher (level 2, 2/28 HPs)
             Began as a High Elf Wanderer on Oct 30, 2017.
             Quit the game on level 3 of the Dungeon.
             The game lasted 00:03:29 (349 turns).

tidbits the Slasher (High Elf Wanderer)              Turns: 349, Time: 00:03:29

Health: 2/28       AC: 21    Str:  9    XL:     2   Next: 37%
Magic:  3/3        EV:  2    Int: 18    God:
Gold:   61         SH:  0    Dex: 11    Spells: 0 memorised, 1 level left

rFire  . . .     SeeInvis .     a - +0 falchion
rCold  . . .     Gourm    .     (armour currently unavailable)
rNeg   + + +     Faith    .     (no shield)
rPois  +         Spirit   .     (helmet currently unavailable)
rElec  .         Reflect  .     (cloak currently unavailable)
rCorr  .         Harm     .     (gloves currently unavailable)
MR     .....     NoTele   +     (boots currently unavailable)
Stlth  +.........               (no amulet)
                                (no ring)
                                (no ring)

@: lethally poisoned (2 -> -3), tree-form
A: clumsy 1, (electricity resistance), MP-powered wands
a: no special abilities


You were on level 3 of the Dungeon.
You were not hungry.
You were a tree.
You visited 1 branch of the dungeon, and saw 4 of its levels.

You collected 61 gold pieces.

Inventory:

Hand Weapons
 a - a +0 falchion (weapon)
 b - a +0 hunting sling
   (You found it on level 1 of the Dungeon)
Missiles
 h - 25 bolts
 j - 57 stones (quivered)
Armour
 d - a +0 robe
 B - a +0 leather armour (melded)
   (You found it on level 1 of the Dungeon)
Jewellery
 e - an uncursed ring of fire
   (You found it on level 1 of the Dungeon)
Scrolls
 i - 3 scrolls of identify {unknown}
 l - 2 scrolls of remove curse {unknown}
 n - a scroll of amnesia {unknown}
 o - a scroll of fog {unknown}
 p - a scroll of immolation {unknown}
Potions
 f - a potion of lignification
 g - 2 potions of berserk rage
Comestibles
 c - a bread ration
 m - 2 meat rations


   Skills:
 + Level 2.2 Fighting
 * Level 4.1 Long Blades
 - Level 1.0 Throwing
 + Level 1.7 Dodging
 - Level 1.1 Stealth
 - Level 1.5 Unarmed Combat


You had one spell level left.
You didn't know any spells.

Dungeon Overview and Level Annotations

Branches:
Dungeon (4/15)
 Temple: D:4-7

Altars:


Innate Abilities, Weirdness & Mutations

You are clumsy. (Dex -2)
((You are resistant to electric shocks. (rElec)))
You expend magic power (3 MP) to strengthen your wands.


Message History

Found a scroll labeled JUIMYO LOFYSK.
Found a potion of lignification.
You see here a scroll labeled RYGASTR BOG PIC.
n - a scroll labeled RYGASTR BOG PIC
Found a meat ration.
Found 11 stones.
You see here a scroll labeled JUIMYO LOFYSK.
o - a scroll labeled JUIMYO LOFYSK A bat comes into view.
The bat hits you.
You hit the bat.
You kill the bat!
You see here a potion of lignification.
f - 2 potions of lignification (gained 1)
You see here a meat ration.
m - 2 meat rations (gained 1)
You see here 11 stones.
j - 57 stones (gained 11)
b - a +0 hunting sling (weapon)
Found a scroll labeled QEWYUN LENECU.
You open the door.
Found a stone staircase leading down.
A rat comes into view.
You see here a scroll labeled QEWYUN LENECU.
p - a scroll labeled QEWYUN LENECU You open the door.
Firing (i - inventory):
j - 57 stones (quivered)
Press: ? - help, Shift-Dir - straight line, f - rat
Aim: a rat You shoot a stone.
The stone barely misses the rat.
a - a +0 falchion (weapon)
You hit the rat.
You kill the rat!
You see here a rat corpse.
You see here a stone.
j - 57 stones (gained 1)
There is an open door here.
Found a club.
Found a scroll labeled NUS XAEDAB.
You see here a scroll labeled NUS XAEDAB.
l - 2 scrolls labeled NUS XAEDAB (gained 1)
You see here a club.
There is an open door here.
There is a stone staircase leading down here.
You climb downwards.
A hound, a worker ant and a giant cockroach come into view.
The worker ant twitches its antennae in your direction.
The hound barks!
Found 9 gold pieces.
There is a stone staircase leading up here.
The worker ant waves its antennae.
A howler monkey comes into view.
The howler monkey howls!
The howler monkey hoots and howls with incredible vigour!
The worker ant bites you.
You hear a bark!
You hear an angry hiss. x2; You hear a bark!
You hear a shout! x4
You climb upwards.
There is a stone staircase leading down here.
You barely miss the worker ant. The worker ant closely misses you.
You completely miss the worker ant. The worker ant barely misses you.
The worker ant misses you.
You riposte.
You hit the worker ant but do no damage.
You closely miss the worker ant. The worker ant bites you.
You hit the worker ant but do no damage.
The worker ant barely misses you.
You hit the worker ant but do no damage.
The worker ant misses you.
Your leather armour prevents you from hitting the worker ant.
The worker ant bites you!
* * * LOW HITPOINT WARNING * * *
The worker ant bites you.
* * * LOW HITPOINT WARNING * * *
You are lethally poisoned!
The worker ant poisons you!
You closely miss the worker ant.
* * * LOW HITPOINT WARNING * * *
You feel sick.
The worker ant bites you but does no damage.
It was a potion of mutation.
You feel extremely strange.
You feel insulated.
You feel clumsy.
You feel your magical essence link to your wands.
* * * LOW HITPOINT WARNING * * *
You feel sick.
The worker ant bites you but does no damage.
You turn into a tree.
Your +0 leather armour melds into your body.
Your roots penetrate the ground.
The worker ant bites you but does no damage. x2
You closely miss the worker ant.
* * * LOW HITPOINT WARNING * * *
You feel sick.
The worker ant bites you but does no damage.
You hit the worker ant but do no damage.
* * * LOW HITPOINT WARNING * * *
You feel sick.
The worker ant bites you but does no damage.
You hit the worker ant.
The worker ant is moderately wounded.
The worker ant bites you but does no damage.
Are you sure you want to abandon this character and quit the game? (Confirm with "yes".)

.....########........†
........................
.....................###
.....................#
.....................#
................###'##
................# #.#
..........#########.## #
.......♣.†'........... .
#######.a.##.......####
#...##..........#
#...##.)........#
#...###.........# #...#
#.........# #...#
#.........# #...#
#.........# #...#
#.........##


You could see a worker ant.

Vanquished Creatures
  An adder (D:2)
  3 goblins
  A bat (D:3)
  A frilled lizard (D:1)
  2 rats
8 creatures vanquished.

Notes
Turn   | Place    | Note
-------+----------+-------------------------------------------
     0 | D:1      | tidbits the High Elf Wanderer began the quest for the Orb.
     0 | D:1      | tidbits set off with: 2 potions of berserk rage, a +0 falchion, a potion of lignification, a +0 robe, a bread ration
     0 | D:1      | Reached XP level 1. HP: 14/14 MP: 2/2
   168 | D:2      | Reached skill level 4 in Long Blades
   168 | D:2      | Reached XP level 2. HP: 6/19 MP: 3/3
   335 | D:4      | Noticed a howler monkey
   344 | D:3      | Gained mutation: You are resistant to electric shocks. (rElec) [potion of mutation]
   344 | D:3      | Gained mutation: You are clumsy. (Dex -2) [potion of mutation]
   344 | D:3      | Gained mutation: You expend magic power (3 MP) to strengthen your wands. [potion of mutation]
   347 | D:3      | HP: 2/28 [poisoned by a worker ant]
   349 | D:3      | Quit the game

Skill      XL: |  1 |
---------------+----+-----
Long Blades    | 4 |  4.1
Fighting       | |  2.2
Throwing       | |  1.0
Dodging        | |  1.7
Stealth        | |  1.1
Unarmed Combat | |  1.5

Action                   || total
-------------------------++-------
Melee: Falchion          ||    32
 Fire: Hunting sling     ||     2
  Use: Potion            ||     3
 Stab: Sleeping          ||     1
Armor: Leather armour    ||     7
       Skin              ||     5
Dodge: Dodged            ||    16
       Rpst.: Falchion   ||     4

Table legend:
 A = Turns spent in this place as a percentage of turns spent in the entire game.
 B = Non-inter-level travel turns spent in this place as a percentage of non-inter-level travel turns spent in the entire game.
 C = Inter-level travel turns spent in this place as a percentage of turns spent in this place.
 D = Turns resting spent in this place as a percentage of non-inter-level travel turns spent in this place.
 E = Turns spent auto-exploring this place as a percentage of non-inter-level travel turns spent in this place.
 F = Non-inter-level travel turns spent in this place divided by the number of levels of this place that you've seen.
                   A       B       C       D       E      F
               +-------+-------+-------+-------+-------+----------------------
         Total | 100.0 | 100.0 |   0.0 |   0.0 |   0.0 |  83.0
       Dungeon | 100.0 | 100.0 |   0.0 |   0.0 |   0.0 |  83.0
               +-------+-------+-------+-------+-------+----------------------

Table legend:
 A = Kills in this place as a percentage of kills in entire the game.
 B = Kills by you in this place as a percentage of kills by you in the entire game.
 C = Kills by friends in this place as a percentage of kills by friends in the entire game.
 D = Other kills in this place as a percentage of other kills in the entire game.
 E = Experience gained in this place as a percentage of experience gained in the entire game.
 F = Experience gained in this place divided by the number of levels of this place that you have seen.
                   A       B       C       D       E      F
               +-------+-------+-------+-------+-------+----------------------
         Total | 100.0 | 100.0 |  -nan |  -nan | 100.0 |   5.8
       Dungeon | 100.0 | 100.0 |  -nan |  -nan | 100.0 |   5.8
               +-------+-------+-------+-------+-------+----------------------

Vault maps used:
D:1:      sevenhm_arrival_forest_fort_small_3
D:2:      wad_lake_hut, yredelemnul_altar_generic, minmay_pentomino_p4,
          uniq_natasha
D:3:      fiery_altar_vehumet
D:4:      marbit_many_paths, minmay_temple_entry_fiery, serial_shops,
          nicolae_shop_stone, serial_aquarium, aquarium_bridge_straight,
          aquarium_window_fake, aquarium_window_1, aquarium_window_1,
          aquarium_view_2f, aquarium_view_2e, aquarium_pool_corner,
          minmay_fire_ice_demons
